 Dungeon Crawl Stone Soup version 0.31.0-32-g396128a36d (webtiles) character file.

Game seed: 4481612677865643571

10430 Onni the Grappler (level 11, -2/109 HPs)
             Began as a Troll Fighter on Mar 22, 2024.
             Was a High Priest of Okawaru.
             Slain by a red ugly thing (16 damage)
             ... on level 11 of the Dungeon.
             The game lasted 00:31:31 (10476 turns).

Onni the Grappler (Troll Fighter)                  Turns: 10476, Time: 00:31:32

Health: -2/109     AC:  9    Str: 26    XL:     11   Next: 36%
Magic:  10/10      EV: 16    Int:  4    God:    Okawaru [*****.]
Gold:   1106       SH: 12    Dex: 13    Spells: 10/10 levels left

rFire   . .          .
                       - Unarmed
rCold   . . .        F - +2 kite shield
rNeg    . . .        D - +1 robe "Hiut" {+Blink +Inv Stlth+ Archmagi}
rPois   .            (helmet restricted)
rElec   .            (no cloak)
rCorr   .            (gloves unavailable)
SInv    .            (boots unavailable)
Will    .....        (no amulet)
Stlth   ++           z - +5 ring of evasion
HPRegen 1.18/turn    A - +4 ring of protection
MPRegen 0.12/turn

%: archmagi
@: slowed, studying Evocations, very slow
A: large, unfitting armour, claws 3, regeneration 1, shaggy fur 1, tough skin 1
a: Renounce Religion, Evoke Blink, Evoke Invisibility, Heroism, Finesse, Duel


You were on level 11 of the Dungeon.
You worshipped Okawaru.
Okawaru was extremely pleased with you.
You visited 2 branches of the dungeon, and saw 12 of its levels.
You also visited: Sewer.

You collected 1106 gold pieces.

Inventory:

Missiles
 E - a throwing net
 K - 3 javelins
Armour
 D - the +1 robe "Hiut" (worn) {+Blink +Inv Stlth+ Archmagi}
   (You took it off a gnoll on level 8 of the Dungeon)

   +Inv:      It lets you turn invisible.
   +Blink:    It lets you blink.
   Stlth+:    It makes you more stealthy.
   Archmagi:  It increases the power of your magical spells.
 F - a +2 kite shield (worn)
Jewellery
 b - a +4 ring of protection
 q - a ring of ice
 v - a ring of poison resistance
 w - an amulet of magic regeneration
 z - a +5 ring of evasion (left claw)
 A - a +4 ring of protection (right claw)
 B - the ring "Woibuven" {Ice Int+4}
   (You took it off a gnoll bouda on level 8 of the Dungeon)

   [ring of ice]

   Ice:       It enhances your ice magic.
   Int+4:     It affects your intelligence (+4).
   rF-:       It makes you vulnerable to fire.
   rC+:       It protects you from cold.
Talismans
 r - a blade talisman
 H - a serpent talisman
Wands
 h - a wand of digging (4)
 t - a wand of iceblast (11)
 x - a wand of flame (23)
 y - a wand of acid (8)
 C - a wand of polymorph (13)
 G - a wand of paralysis (8)
Scrolls
 a - 3 scrolls of poison
 e - a scroll of identify
 g - a scroll of amnesia
 j - 3 scrolls of fear
 k - 2 scrolls of blinking
 p - 3 scrolls of fog
 s - 5 scrolls of teleportation
 I - a scroll of enchant armour
 J - a scroll of brand weapon {unknown}
Potions
 c - a potion of might
 d - 2 potions of magic
 f - 2 potions of lignification
 i - 3 potions of heal wounds
 l - a potion of enlightenment
 m - a potion of attraction
 n - 3 potions of curing
 o - 2 potions of cancellation
 u - 2 potions of brilliance


   Skills:
 + Level 7.2 Fighting
 + Level 7.2 Dodging
 + Level 8.0 Shields
 * Level 11.6 Unarmed Combat


You had 10 spell levels left.
You didn't know any spells.
Your spell library contained the following spells:

 Spells                   Type           Power      Damage    Failure   Level
 Apportation              Tloc           0%         N/A       71%         1
 Kiss of Death            Conj/Necr      0%         2d5       71%         1
 Necrotise                Necr           0%         1d4       71%         1
 Sting                    Conj/Alch      0%         1d3       71%         1
 Confusing Touch          Hex            0%         N/A       97%         3
 Frozen Ramparts          Ice            0%         1d1       97%         3
 Gell's Gravitas          Tloc           0%         N/A       97%         3
 Teleport Other           Tloc           0%         N/A       97%         3
 Volatile Blastmotes      Fire/Tloc      0%         2d10      97%         3
 Dispel Undead            Necr           0%         3d6       100%        4
 Fulminant Prism          Conj/Alch      0%         3d5       100%        4
 Iskenderun's Mystic Bla  Conj/Tloc      0%         2d3       100%        4
 Leda's Liquefaction      Alch/Erth      0%         N/A       100%        4
 Petrify                  Alch/Erth      0%         N/A       100%        4
 Metabolic Englaciation   Hex/Ice        0%         N/A       100%        5
 Dispersal                Tloc           0%         N/A       100%        6
 Summon Small Mammal      Summ           Unusable   N/A       N/A         1
 Call Canine Familiar     Summ           Unusable   N/A       N/A         3
 Summon Blazeheart Golem  Fire/Summ      Unusable   N/A       N/A         4

Dungeon Overview and Level Annotations

Branches:
Dungeon (11/15)            Temple (1/1) D:4            Lair (0/5) D:8
    Orc (0/2) D:10          Sewer (visited)

Altars:
Ashenzari
Cheibriados
Dithmenos
Elyvilon
Fedhas
Gozag
Hepliaklqana
Kikubaaqudgha
Makhleb
Nemelex Xobeh
Okawaru
Qazlal
Ru
Sif Muna
Trog
Uskayaw
Vehumet
Wu Jian
Xom
Yredelemnul
Zin
The Shining One

Shops:
D:5 (   D:8 *

Annotations:
Temple 2 transporters


Innate Abilities, Weirdness & Mutations

You are too large for most types of armour.
You have claws for hands.
Your natural rate of healing is unusually fast.
You are covered in fur. (AC +1)
You have tough skin. (AC +1)


Message History

The wraith drains your vigour!
You feel yourself slow down.
You mangle the wraith!!
The wraith is severely damaged.
You block the wraith's attack. The wraith hits you.
You scratch the wraith but do no damage.
The wraith is severely damaged.
The wraith misses you.
A red ugly thing comes into view.
The red ugly thing gurgles horribly!
You scratch the wraith.
The wraith is almost destroyed.
The wraith hits you. The wraith drains your vigour!
You feel as though you will be slow longer.
You block the wraith's attack.
You claw the wraith!
You destroy the wraith!
Okawaru accepts your kill.
Found a scale mail.
The red ugly thing barely misses you. The red ugly thing punches you!
You are engulfed in flames!
You completely miss the red ugly thing. The red ugly thing punches you!
You are engulfed in flames!
You scratch the red ugly thing but do no damage.
The red ugly thing punches you but does no damage.
You claw the red ugly thing!
The red ugly thing is lightly wounded.
The red ugly thing closely misses you.
The red ugly thing punches you but does no damage.
You mangle the red ugly thing!!
The red ugly thing is heavily wounded.
The red ugly thing punches you.
You are engulfed in flames!
You claw the red ugly thing!
The red ugly thing is severely wounded.
The red ugly thing punches you.
You are engulfed in flames!!
* * * LOW HITPOINT WARNING * * *
You claw the red ugly thing!
The red ugly thing is almost dead.
The red ugly thing punches you!
* * * LOW HITPOINT WARNING * * *
You are engulfed in flames!
You die...

#.# #......≈~≈≈~≈≈
#.###### ##.....≈≈~≈≈~~
#.##...## ####...≈≈.≈≈≈
#.#.....## #####.....
.........## #### ####.
..........# ##..#####
.[.[......####.......##.
............##.........#
.#......###.....@u.....[
##.....## ##............
##...## #.............
#..## #.............
#### #....../.......
#...)..........
#...............
#.[............#


You could see a red ugly thing.

Vanquished Creatures
  Erica (D:9)
  2 centaur warriors
  A two-headed ogre (D:9)
  The ghost of mursu the Cleaver, a novice DgFi (D:8)
  A troll (D:11)
  3 hornets
  4 wraiths
  A vampire (D:9)
  3 yaks (D:8)
  An acid dragon (D:6)
  The ghost of Gemdid the Gusty, an amateur TeAE of Nemelex Xobeh (D:3)
  A sky beast (D:7)
  3 water moccasins (D:8)
  2 ice beasts (D:6)
  8 orc warriors
  A black bear (D:7)
  4 centaurs
  2 kobold brigands
  Blork the orc (D:4)
  7 gnoll sergeants
  6 bullfrogs
  2 scorpions (D:6)
  14 wights
  3 killer bees (D:7)
  3 howler monkeys (D:10)
  3 electric eels (D:10)
  6 crimson imps (D:6)
  A hound (D:4)
  2 orc priests
  4 gnoll boudas
  2 jellies (D:5)
  2 sleepcaps
  4 iguanas
  9 orc wizards
  29 gnolls
  13 adders
  A river rat (D:5)
  2 shadow imps
  3 white imps
  6 ufetubi
  4 ribbon worms
  14 dart slugs
  29 orcs
  18 ball pythons
  12 bats
  14 endoplasms
  8 giant cockroaches
  10 goblins
  13 hobgoblins
  4 jackals (D:2)
  6 quokkas
  15 frilled lizards
  7 kobolds
  11 rats
328 creatures vanquished.

Notes
Turn   | Place    | Note
-------+----------+-------------------------------------------
     0 | D:1      | Onni the Troll Fighter began the quest for the Orb.
     0 | D:1      | Reached XP level 1. HP: 22/22 MP: 0/0
   163 | D:1      | Reached XP level 2. HP: 29/29 MP: 1/1
   941 | D:1      | Reached XP level 3. HP: 36/36 MP: 2/2
  1199 | D:2      | Reached skill level 3 in Unarmed Combat
  1311 | D:2      | Reached XP level 4. HP: 44/44 MP: 3/3
  1477 | D:3      | Identified the +1 sling "Yhenk" {freeze, rPois rF+ rN+}
  1772 | D:2      | Reached XP level 5. HP: 53/53 MP: 4/4
  2087 | D:3      | Found a runed translucent gate.
  2087 | D:3      | Found a runed translucent gate.
  2087 | D:3      | Found a runed translucent gate.
  2090 | D:3      | Noticed Gemdid's ghost (amateur TeAE)
  2093 | D:3      | Identified the +3 leather armour of Fun and Games {rElec}
  2362 | D:3      | Reached skill level 4 in Unarmed Combat
  2872 | D:4      | Reached XP level 6. HP: 60/61 MP: 5/5
  3172 | D:4      | Found a blossoming altar of Fedhas.
  3180 | D:4      | Found a bloodstained altar of Trog.
  3310 | D:4      | Found a staircase to the Ecumenical Temple.
  3385 | D:4      | Noticed Blork the orc
  3396 | D:4      | Killed Blork the orc
  3654 | Temple   | Found a transporter.
  3654 | Temple   | Found a transporter.
  3654 | Temple   | Found a transporter.
  3654 | Temple   | Found a transporter.
  3654 | Temple   | Entered the Ecumenical Temple
  3670 | Temple   | Became a worshipper of Warmaster Okawaru
  3703 | D:5      | Entered Level 5 of the Dungeon
  3770 | D:5      | Found a glowing drain.
  3774 | Sewer    | Entered a sewer
  3969 | Sewer    | Reached skill level 5 in Unarmed Combat
  4007 | Sewer    | Reached XP level 7. HP: 60/68 MP: 6/6
  4042 | Sewer    | Identified the +7 sling of Impeachment {freeze, Str+7 Int-2
                  | Dex+5}
  4143 | D:5      | Found Silyraix's Antique Weapon Emporium.
  4224 | D:5      | Found a white marble altar of Elyvilon.
  4904 | D:5      | Reached * piety under Okawaru
  4905 | D:5      | Reached skill level 6 in Unarmed Combat
  5052 | D:6      | Reached XP level 8. HP: 78/78 MP: 7/7
  5287 | D:6      | Reached skill level 5 in Shields
  5600 | D:6      | Reached skill level 7 in Unarmed Combat
  6129 | D:7      | Reached ** piety under Okawaru
  6206 | D:7      | Reached skill level 5 in Fighting
  6206 | D:7      | Reached XP level 9. HP: 76/88 MP: 8/8
  6261 | D:7      | Reached skill level 5 in Dodging
  6342 | D:7      | Reached skill level 8 in Unarmed Combat
  6946 | D:3      | Killed Gemdid's ghost
  6946 | D:3      | Reached *** piety under Okawaru
  7251 | D:8      | Found a transporter.
  7279 | D:8      | Identified the +0 scale mail of Truth {rElec rF+}
  7441 | D:8      | Found a staircase to the Lair.
  7522 | D:8      | Found Huitroch's General Store.
  7598 | D:8      | Found a transporter.
  7611 | D:8      | Reached skill level 9 in Unarmed Combat
  7841 | D:8      | Identified the ring "Woibuven" {Ice Int+4}
  7882 | D:8      | Identified the +1 robe "Hiut" {+Blink +Inv Stlth+ Archmagi}
  7895 | D:8      | Noticed mursu's ghost (novice DgFi)
  7910 | D:8      | Reached **** piety under Okawaru
  8021 | D:8      | Killed mursu's ghost
  8022 | D:8      | Reached XP level 10. HP: 33/98 MP: 9/9
  8551 | D:9      | Noticed a centaur warrior
  8569 | D:9      | Killed a centaur warrior
  8569 | D:9      | Reached ***** piety under Okawaru
  8570 | D:9      | Reached skill level 10 in Unarmed Combat
  8657 | D:9      | You fall into a shaft and drop 1 floor!
  8657 | D:10     | Entered Level 10 of the Dungeon
  8675 | D:10     | Received a gift from Okawaru
  8804 | D:9      | Noticed a two-headed ogre
  8818 | D:9      | Killed a two-headed ogre
  8836 | D:9      | Noticed Erica
  8909 | D:9      | Killed Erica
  9033 | D:9      | Reached skill level 11 in Unarmed Combat
  9227 | D:10     | Reached XP level 11. HP: 105/107 MP: 10/10
  9566 | D:10     | Received a gift from Okawaru
  9628 | D:10     | Found a staircase to the Orcish Mines.
  9875 | D:10     | Noticed a centaur warrior
  9882 | D:10     | Killed a centaur warrior
 10466 | D:11     | Noticed a red ugly thing
 10476 | D:11     | Slain by a red ugly thing

Illustrated notes

Levels and vault maps discovered:
D:1:      dpeg_arrival_radiant, layout_basic, dk_noncrumbling_4
D:2:      minmay_recursive_quarters, layout_rooms, grunt_decor_resistance,
          minmay_tripent
D:3:      wander_river, layout_loops_ring, biasface_ghost_orc_armoury,
          chequers_serial_rivers_large_a, nrook_mini_vaults,
          minmay_joined_circles
D:4:      layout_basic, mainiacjoe_overflow_big_doors, temple_doors_cd,
          minmay_distorted, uniq_blork_the_orc
D:5:      layout_loops_ring, kennysheep_mini_moat, gup_sewer_entry_spiral,
          serial_shops, nicolae_shop_tiny_statue_garden, corexii_hall_statues_i
D:6:      layout_layer_cave, minmay_nine_imps
D:7:      layout_loops_cross, grunt_ministairs_9
D:8:      layout_loops_ring, lair_entry_dummy, serial_shops, shop,
          gammafunk_ghost_gnarly_gnolls, kennysheep_pointless_box
D:9:      layout_layer_cave, uniq_erica
D:10:     layout_roguey, erik_orc_2, fountainhead
D:11:     nicolae_whirlpool, layout_cave_pods
Temple:   hellmonk_temple_divided_pantheon

Skill      XL: |  1  2  3  4  5  6  7  8  9 10 11 |
---------------+----------------------------------+-----
Shields        | 3 4 5 6 7 8 |  8.0
Unarmed Combat | 3 4 5 6 7 9 11 | 11.6
Dodging        | 3 4 6 7 |  7.2
Fighting       | 3 4 5 6 7 |  7.2

Action                     |  1- 3 |  4- 6 |  7- 9 | 10-12 || total
---------------------------+-------+-------+-------+-------++-------
  Melee: Unarmed           |   105 |   296 |   390 |   233 ||  1024
  Throw: Boomerang         |       |       |       |     2 ||     2
  Evoke: Wand              |       |       |       |    12 ||    12
    Use: Potion            |       |     1 |     1 |       ||     2
         Scroll            |       |       |    22 |       ||    22
   Stab: Sleeping          |       |     2 |     2 |       ||     4
 Armour: Robe              |    76 |   165 |   212 |   131 ||   584
  Dodge: Dodged            |    32 |   101 |   243 |   104 ||   480
  Block: Kite shield       |    61 |   142 |   263 |   145 ||   611
